 Dungeon Crawl Stone Soup version 0.26.0-10-g1f06aea511 (webtiles) character file.

Game seed: 7298969714250631858

161580 Dirian the Warrior (level 17, -1/171 HPs)
             Began as a Hill Orc Fighter on Jan 16, 2021.
             Was the Champion of Beogh.
             Slain by a merfolk
             ... wielding a +0 trident
              (7 damage)
             ... on level 4 of the Shoals.
             The game lasted 01:08:21 (33194 turns).

Dirian the Warrior (Hill Orc Fighter)              Turns: 33194, Time: 01:08:22

Health: -1/171     AC: 35    Str: 26    XL:     17   Next: 79%
Magic:  17/17      EV:  9    Int:  8    God:    Beogh [******]
Gold:   1620       SH: 16    Dex: 14    Spells: 16/16 levels left

rFire    . . .     SeeInvis +   a - +9 broad axe (flame)
rCold    . . .     Faith    .   c - +1 kite shield
rNeg     + . .     Spirit   .   I - +7 chain mail of the Guardian {rN+ Dex+4}
rPois    +         Reflect  .   F - +2 helmet {SInv}
rElec    +         Harm     .   l - +0 cloak {Stlth+}
rCorr    .         Rampage  .   M - +3 pair of gauntlets of War {Slay+5}
Will     ++...                  G - +2 pair of boots
Stlth    ..........             e - amulet of regeneration
HPRegen  0.78/turn              H - ring of willpower
MPRegen  0.15/turn              E - ring "Yxkir" {rElec rPois Stlth-}

@: no status effects
A: walk on water
a: Renounce Religion, Smiting, Recall Orcish Followers, Give Item to Named
Follower, Resurrection


You were on level 4 of the Shoals.
You worshipped Beogh.
Beogh was exalted by your worship.
You visited 5 branches of the dungeon, and saw 25 of its levels.
You also visited: Gauntlet and Ice Cave.

You collected 3489 gold pieces.
You spent 1869 gold pieces at shops.

Inventory:

Hand Weapons
 a - a +9 broad axe of flaming (weapon)
 b - a +5 broad axe
 p - the +0 arbalest of Indignation {vorpal, rN+ Dex+5, unknown}
   (You found it on level 4 of the Shoals)

   Any bolt fired from it inflicts extra damage.
   It affects your dexterity (+5).
   It protects you from negative energy.
 N - the +1 spear of Hukutep {vorpal, Will++, unknown}
   (You found it on level 4 of the Shoals)

   It inflicts extra damage upon your enemies.
   It affects your willpower, your defense against some magical effects.
Armour
 c - a +1 kite shield (worn)
 l - a +0 cloak of stealth (worn)
 y - a +0 tower shield
 F - a +2 helmet of see invisible (worn)
 G - a +2 pair of boots (worn)
 I - the +7 chain mail of the Guardian (worn) {rN+ Dex+4}
   (You bought it in a shop on level 3 of the Shoals)

   It affects your dexterity (+4).
   It protects you from negative energy.
 M - the +3 pair of gauntlets of War (worn) {Slay+5}
   (You found it in a Gauntlet)

   It affects your accuracy and damage with ranged weapons and melee attacks
   (+5).
Jewellery
 e - an amulet of regeneration (around neck)
 n - an uncursed ring of see invisible
 s - an uncursed ring of protection from cold
 v - a +4 ring of protection
 B - the ring "Zailafun" {*Slow +Fly rPois Int+4 Dex+3}
   (You took it off a minotaur in a Gauntlet)

   [ring of flight]

   It affects your intelligence (+4).
   It affects your dexterity (+3).
   It protects you from poison.
   It lets you fly.
   It may slow you when you take damage.
 E - the ring "Yxkir" (right hand) {rElec rPois Stlth-}
   (You found it in a Gauntlet)

   [ring of attention]

   It insulates you from electricity.
   It protects you from poison.
   It makes you less stealthy.
 H - a ring of willpower (left hand)
 J - the macabre finger necklace {rN+}
   (You found it on level 6 of the Lair of Beasts)

   [amulet of nothing]

   It protects you from negative energy.
 O - an uncursed ring of positive energy
Wands
 u - a wand of acid (13)
Scrolls
 m - 4 scrolls of magic mapping
 r - 9 scrolls of identify
 t - 12 scrolls of teleportation
 x - 9 scrolls of remove curse
 z - 2 scrolls of blinking
 C - 5 scrolls of enchant armour
 D - 4 scrolls of summoning
 L - a scroll of enchant weapon
Potions
 d - a potion of might
 f - 2 potions of mutation
 g - 3 potions of cancellation
 h - 4 potions of haste
 i - 2 potions of magic
 j - 4 potions of lignification
 k - 5 potions of ambrosia
 o - 5 potions of flight
 q - 11 potions of curing
 w - 5 potions of heal wounds
 A - 3 potions of invisibility
 K - 2 potions of berserk rage


   Skills:
 + Level 20.4 Fighting
 - Level 18.0 Axes
 + Level 16.7 Armour
 + Level 15.8 Shields


You had 16 spell levels left.
You didn't know any spells.
Your spell library contained the following spells:

 Spells                   Type           Power        Failure   Level
 Beastly Appendage        Tmut           0%           83%         1
 Sandblast                Erth           0%           83%         1
 Summon Small Mammal      Summ           0%           83%         1
 Blink                    Tloc           N/A          93%         2
 Call Imp                 Summ           0%           93%         2
 Passwall                 Tmut/Erth      0%           93%         2
 Poisonous Vapours        Pois/Air       0%           93%         2
 Swiftness                Air            0%           93%         2
 Wereblood                Tmut           0%           93%         2
 Call Canine Familiar     Summ           0%           99%         3
 Conjure Flame            Conj/Fire      0%           99%         3
 Gell's Gravitas          Tloc           0%           99%         3
 Lesser Beckoning         Tloc           0%           99%         3
 Mephitic Cloud           Conj/Pois/Air  0%           99%         3
 Spider Form              Tmut/Pois      0%           99%         3
 Stone Arrow              Conj/Erth      0%           99%         3
 Summon Guardian Golem    Hex/Summ       0%           99%         3
 Teleport Other           Tloc           0%           99%         3
 Animate Dead             Necr           0%           100%        4
 Ice Form                 Ice/Tmut       0%           100%        4
 Leda's Liquefaction      Hex/Erth       0%           100%        4
 Passage of Golubria      Tloc           N/A          100%        4
 Petrify                  Tmut/Erth      0%           100%        4
 Summon Ice Beast         Ice/Summ       0%           100%        4
 Summon Lightning Spire   Summ/Air       0%           100%        4
 Blade Hands              Tmut           0%           100%        5
 Bolt of Magma            Conj/Fire/Erth 0%           100%        5
 Borgnjor's Vile Clutch   Necr/Erth      0%           100%        5
 Lee's Rapid Deconstruct  Erth           0%           100%        5
 Metabolic Englaciation   Hex/Ice        0%           100%        5
 Summon Forest            Summ/Tloc      0%           100%        5
 Death Channel            Necr           0%           100%        6
 Freezing Cloud           Conj/Ice/Air   0%           100%        6
 Invisibility             Hex            0%           100%        6
 Iron Shot                Conj/Erth      0%           100%        6
 Ozocubu's Refrigeration  Ice            0%           100%        6
 Simulacrum               Ice/Necr       0%           100%        6
 Statue Form              Tmut/Erth      0%           100%        6
 Shatter                  Erth           0%           100%        9
 Tornado                  Air            0%           100%        9


Dungeon Overview and Level Annotations

Branches:
Dungeon (10/15)            Temple (0/1) D:6            Lair (6/6) D:10
 Shoals (4/4) Lair:3        Snake (3/4) Lair:3        Slime (0/5) Lair:5
    Orc (2/2) D:9             Elf (0/3) Orc:2         IceCv (visited)
Gauntlet (visited)

Altars:
Cheibriados
Dithmenos
Elyvilon
Fedhas
Gozag
Hepliaklqana
Kikubaaqudgha
Okawaru
Ru
Sif Muna
Uskayaw
Vehumet
Xom
Yredelemnul
The Shining One
Beogh

Shops:
D:9 *   Orc:2 =*[(   Shoals:3 [[([   Snake:3 *


Message History

The merfolk impaler freezes you.
* * * LOW HITPOINT WARNING * * *
You block the merfolk impaler's attack. You block the merfolk's attack.
You block the merfolk impaler's attack.
The merfolk impaler hits you from afar with a +3 trident of freezing.
* * * LOW HITPOINT WARNING * * *
The merfolk impaler freezes you.
* * * LOW HITPOINT WARNING * * *
You slice the merfolk impaler!! You burn the merfolk impaler!
You kill the merfolk impaler!
Beogh accepts your kill.
You slash the merfolk javelineer! You burn the merfolk javelineer.
The merfolk javelineer throws a silver javelin.
The silver javelin pierces through you!
* * * LOW HITPOINT WARNING * * *
x2 The silver javelin pierces through Arbolt!!
You hear a splash.
You block the merfolk impaler's attack. The merfolk impaler barely misses you.
The merfolk hits you from afar with a +0 trident!
You die...

≈≈....≈≈≈≈≈≈≈≈≈≈≈...##≈≈≈≈≈≈≈≈≈≈≈
≈≈≈.≈≈≈≈≈≈≈≈≈≈≈≈#######≈≈≈≈≈≈≈≈≈≈
.≈≈≈≈≈≈≈≈≈≈≈≈.##*≈≈*≈≈##≈≈≈≈≈≈≈≈≈
.≈≈≈≈≈≈≈≈≈≈≈≈.#*,≈≈≈≈,≈#≈≈≈≈≈≈≈≈≈
.≈≈≈≈≈≈≈≈≈≈≈≈≈≈#*≈#≈*≈###≈≈≈≈≈≈≈≈
.≈≈≈≈≈≈≈≈≈≈≈≈≈≈##k≈,≈≈,##≈o≈≈≈≈≈≈
≈≈≈≈≈≈≈≈≈≈≈≈≈≈##mm#.#≈≈#≈≈≈o≈≈≈≈≈
≈≈..≈≈≈.≈≈≈≈≈≈##≈mmm≈≈≈#≈....≈≈≈≈
≈≈..≈...≈≈≈≈≈≈o#@)#*,,##≈....≈≈≈≈
≈≈......≈≈≈≈≈≈oo#######.....PP≈≈≈
....oo..≈≈≈≈≈≈≈o##≈##.#.....P≈P≈≈
.≈.≈####≈≈≈≈≈≈≈≈≈≈≈o.......PPPPP≈
.#######≈≈≈≈≈≈..≈≈≈≈....P..≈PPP≈≈
##≈#≈#.o#≈≈≈≈((.≈≈≈≈≈...PP≈P≈PP≈≈
#≈≈.≈o.o#≈(≈≈≈.#≈#^≈##≈≈≈≈≈≈≈≈≈≈≈
##≈#.#o≈#≈≈≈≈≈≈#######≈≈P≈≈≈≈P≈≈≈
##≈o..≈###≈≈≈###≈≈##≈##≈≈≈≈≈≈≈≈≈≈


You could see 2 merfolk impalers, a merfolk javelineer, a wind drake (repels
missiles), 2 merfolk, the friendly Gorm the orc warlord (strong), the friendly
Wardok the orc warlord (strong) and the friendly Arbolt the orc high priest
(strong).

Vanquished Creatures
  A kraken (Shoals:3)
  3 nagarajas
  Roxanne (Snake:2)
  A frost giant (Shoals:4)
  An orc warlord (Orc:2)
  4 dire elephants (Lair:6)
  A minotaur (Gauntlet)
  2 blizzard demons (IceCv)
  The ghost of Vivvybb the Severer, a journeyman MiBe of Trog (Lair:1)
  6 merfolk impalers
  Harold (D:9)
  4 hydras
  5 naga warriors
  2 merfolk avatars (Shoals:1)
  A catoblepas (Lair:2)
  5 merfolk aquamancers
  2 two-headed ogres
  An alligator snapping turtle (Shoals:4)
  8 anacondas
  A satyr (Shoals:2)
  5 shock serpents
  A naga sharpshooter (Snake:1)
  2 orc high priests (Orc:2)
  A salamander mystic (Snake:2)
  The ghost of Dracia the Magician, a novice GnWr of Okawaru (D:8)
  5 sea snakes
  2 orc sorcerers (Orc:2)
  6 naga ritualists
  12 harpies
  A necromancer (Lair:5)
  9 mana vipers
  A cyclops (Shoals:4)
  9 manticores
  4 salamanders
  An oklob plant (Lair:4)
  5 fauns
  7 elephants
  3 guardian serpents
  21 black mambas
  The ghost of jt the Chopper, a novice NaFi of Yredelemnul (D:5)
  5 merfolk sirens
  8 naga magi
  An ice statue (IceCv)
  3 torpor snails
  A gargoyle (D:10)
  5 water nymphs
  7 cane toads
  7 komodo dragons
  5 anaconda simulacra (IceCv)
  8 ice devils
  2 freezing wraiths (IceCv)
  2 golden dragon simulacra (IceCv)
  3 meliai (Lair:6)
  5 wind drakes
  A raiju (Gauntlet)
  5 trolls
  15 merfolk
  6 blink frogs
  4 dream sheep (Lair:4)
  6 snapping turtles
  A slime creature (D:8)
  3 wraiths
  A dire elephant simulacrum (IceCv)
  A wyvern (D:10)
  13 water elementals
  44 yaks
  2 basilisks
  Grum (Lair:1)
  A steam dragon (shapeshifter) (D:8)
  3 harpy simulacra (IceCv)
  2 death yak simulacra (IceCv)
  3 hydra simulacra (IceCv)
  14 nagas
  3 wargs (Orc:1)
  10 water moccasins
  3 iron troll simulacra (IceCv)
  A floating eye (Lair:4)
  8 orc warriors
  3 phantoms
  5 ice beasts
  2 sky beasts (D:9)
  An eye of draining (D:10)
  A necrophage (D:10)
  A black bear (D:6)
  14 ogres
  An alligator simulacrum (IceCv)
  2 elephant zombies (Lair:5)
  2 ettin simulacra (IceCv)
  17 wolves
  6 centaurs
  5 big kobolds (D:9)
  19 bullfrogs
  An elf zombie (D:10)
  A komodo dragon zombie (Lair:5)
  4 gnoll sergeants
  14 killer bees
  2 howler monkeys (D:8)
  4 wights (D:10)
  An electric eel (Lair:2)
  A quasit (D:7)
  2 draconian simulacra (IceCv)
  6 hounds
  3 jellies
  2 human zombies (D:10)
  A bullfrog zombie (D:10)
  3 centaur skeletons
  6 orc priests
  9 orc wizards
  3 bullfrog skeletons
  Jessica (D:2)
  4 iguanas
  Terence (D:2)
  A human skeleton (D:10)
  2 spriggan simulacra (IceCv)
  5 hell rats (Lair:1)
  5 worker ants
  2 troll simulacra (IceCv)
  2 lightning spires (Gauntlet)
  A centaur simulacrum (IceCv)
  2 mummies (D:10)
  18 gnolls
  A worker ant zombie (D:5)
  10 adders
  3 naga simulacra (IceCv)
  3 ogre simulacra (IceCv)
  12 white imps
  10 ufetubi
  An ooze (D:5)
  2 adder skeletons
  4 worms
  5 dart slugs
  8 leopard geckos
  40 orcs
  9 giant cockroaches
  3 goblins
  8 hobgoblins
  11 jackals
  4 quokkas
  A ball python (D:5)
  8 bats
  5 frilled lizards (D:2)
  13 kobolds
  A quokka skeleton (D:5)
  7 rats
  2 plants (Lair:6)
  2 tentacles (Shoals:3)
720 creatures vanquished.

Vanquished Creatures (collateral kills)
  Jorgrun (Orc:1)
  An orc warlord (Orc:1)
  Nessos (Lair:6)
  2 dire elephants (Lair:6)
  3 naga warriors
  2 hydras
  An ice dragon (Lair:3)
  3 catoblepae
  A merfolk avatar (Shoals:3)
  A boulder beetle (Lair:3)
  An alligator snapping turtle (Shoals:2)
  3 anacondas
  A merfolk aquamancer (Shoals:3)
  A shock serpent (Snake:3)
  2 naga sharpshooters (Snake:1)
  2 orc high priests (Orc:2)
  Sonja (Lair:1)
  4 naga ritualists
  5 orc knights
  7 harpies
  6 orc sorcerers
  5 salamanders
  7 mana vipers
  3 fauns (Shoals:2)
  7 manticores
  4 oklob plants (Lair:4)
  A merfolk siren (Shoals:2)
  6 elephants
  19 black mambas
  A water nymph (Shoals:4)
  2 guardian serpents
  3 naga magi
  5 cane toads
  2 komodo dragons
  A rime drake (Lair:6)
  4 trolls (Orc:1)
  A queen bee (Lair:6)
  8 merfolk
  2 wind drakes (Shoals:4)
  2 slime creatures (Lair:5)
  8 blink frogs
  2 snapping turtles
  3 dream sheep (Lair:4)
  29 yaks
  A water elemental (Shoals:3)
  4 basilisks
  14 nagas
  5 water moccasins
  An ice beast (D:10)
  11 orc warriors
  A black bear (Lair:4)
  An elephant zombie (Lair:5)
  A phantom (D:10)
  11 wolves
  A komodo dragon zombie (Lair:5)
  3 bullfrogs
  8 electric eels
  A human zombie (D:10)
  7 orc wizards
  3 orc priests (Orc:2)
  A basilisk zombie (Lair:5)
  A human skeleton (D:10)
  2 hell rats (Lair:1)
  A worker ant (D:10)
  8 orcs
  An orc skeleton (D:10)
  2 bushes
263 creatures vanquished.

Vanquished Creatures (others)
  2 orc warlords
  7 orc knights
  2 orc sorcerers
  12 orc priests
  12 orc wizards
  16 orc warriors
  36 orcs
  A bush (Lair:6)
  67 fungi
  210 plants
  4 tentacles (Shoals:3)
369 creatures vanquished.

Grand Total: 1352 creatures vanquished

Notes
Turn   | Place    | Note
-------+----------+-------------------------------------------
     0 | D:1      | Dirian the Hill Orc Fighter began the quest for the Orb.
     0 | D:1      | Reached XP level 1. HP: 19/19 MP: 1/1
   321 | D:1      | Reached XP level 2. HP: 27/27 MP: 2/2
   757 | D:1      | Reached skill level 4 in Fighting
   971 | D:2      | Found a faded altar of an unknown god.
   999 | D:2      | Reached XP level 3. HP: 6/33 MP: 3/3
  1731 | D:2      | Found an ancient bone altar of Kikubaaqudgha.
  1733 | D:2      | Found a blossoming altar of Fedhas.
  1749 | D:2      | Reached XP level 4. HP: 38/40 MP: 4/4
  1762 | D:2      | Noticed Jessica
  1769 | D:2      | Killed Jessica
  1952 | D:2      | Noticed Terence
  1967 | D:2      | Killed Terence
  2035 | D:2      | Reached XP level 5. HP: 47/47 MP: 5/5
  2666 | D:3      | Reached skill level 5 in Axes
  2779 | D:3      | Found a hazy altar of Hepliaklqana.
  2783 | D:3      | Found a shimmering altar of Xom.
  2784 | D:3      | Found a sacrificial altar of Ru.
  3204 | D:3      | Found a shimmering blue altar of Sif Muna.
  3583 | D:4      | Reached XP level 6. HP: 47/53 MP: 6/6
  4467 | D:5      | Entered Level 5 of the Dungeon
  4567 | D:5      | Reached skill level 5 in Fighting
  4567 | D:5      | Reached XP level 7. HP: 58/61 MP: 7/7
  4580 | D:5      | Found a large runed translucent door.
  4580 | D:5      | Found a large runed translucent door.
  4691 | D:5      | Reached skill level 5 in Shields
  4973 | D:5      | Reached skill level 5 in Armour
  5271 | D:5      | Found a large runed translucent door.
  5271 | D:5      | Found a large runed translucent door.
  5346 | D:5      | Got a bloodstained scale mail
  5450 | D:5      | Found a large runed translucent door.
  5451 | D:5      | Found a large runed translucent door.
  5782 | D:5      | Noticed jt's ghost (novice NaFi)
  5854 | D:5      | Identified the cursed +0 scale mail of Classification {+Inv
                  | MP+9 Int-4 SInv} (You found it on level 5 of the Dungeon)
  5897 | D:5      | Reached XP level 8. HP: 70/70 MP: 8/8
  6148 | D:6      | Reached skill level 6 in Fighting
  6226 | D:6      | Found a staircase to the Ecumenical Temple.
  6650 | D:6      | Found a shimmering altar of Xom.
  6669 | D:6      | Reached skill level 10 in Axes
  7106 | D:6      | Identified a scroll of acquirement
  7144 | D:7      | Found a hide-covered altar of Uskayaw.
  7145 | D:7      | Found a snail-covered altar of Cheibriados.
  7145 | D:7      | Found a glowing golden altar of the Shining One.
  7146 | D:7      | Found a radiant altar of Vehumet.
  7147 | D:7      | Found a shimmering blue altar of Sif Muna.
  7150 | D:7      | Found a shadowy altar of Dithmenos.
  7311 | D:7      | Reached XP level 9. HP: 77/78 MP: 9/9
  7366 | D:7      | Became a worshipper of Beogh the Brigand
  7884 | D:7      | Reached skill level 7 in Fighting
  7950 | D:7      | Noticed a troll
  7950 | D:7      | Noticed a two-headed ogre
  7950 | D:7      | Noticed a manticore
  8033 | D:8      | Reached * piety under Beogh
  8256 | D:8      | Found a runed translucent gate.
  8256 | D:8      | Noticed Dracia's ghost (novice GnWr)
  8257 | D:8      | Found a runed translucent gate.
  8258 | D:8      | Found a runed translucent gate.
  8259 | D:8      | Identified the +3 chain mail of Igug {Int+2}
  8264 | D:8      | Found a roughly hewn altar of Beogh.
  8321 | D:8      | Noticed a rime drake
  8351 | D:8      | Reached skill level 8 in Fighting
  8689 | D:8      | Identified the Handbook of the Cloudy Escort
  8820 | D:8      | Found a white marble altar of Elyvilon.
  9207 | D:9      | Reached XP level 10. HP: 90/90 MP: 10/10
  9232 | D:9      | Noticed Harold
  9247 | D:9      | Killed Harold
  9248 | D:9      | Reached skill level 9 in Fighting
  9479 | D:9      | Reached ** piety under Beogh
  9559 | D:9      | Found Piclu's Assorted Antiques.
  9572 | D:9      | Identified the +9 dagger of Internal Strife {flame, Str+2}
  9691 | D:9      | Bought a puce potion for 21 gold pieces
  9712 | D:9      | Found an opulent altar of Gozag.
 10233 | D:9      | Found a staircase to the Orcish Mines.
 10305 | D:9      | Reached *** piety under Beogh
 10342 | D:9      | Reached skill level 15 in Axes
 10775 | D:9      | Noticed a six-headed hydra
 10876 | D:8      | Reached skill level 10 in Fighting
 10876 | D:8      | Reached XP level 11. HP: 71/99 MP: 11/11
 10891 | D:8      | Killed Dracia's ghost
 11015 | D:8      | Got an ancient leather armour
 11025 | D:8      | Identified the +1 leather armour of Death's Door {Str+5
                  | Int-2} (You found it on level 8 of the Dungeon)
 11101 | D:7      | Acquired the +8 crystal plate armour of Wuge {+Blink
                  | Stlth+}
 11325 | D:7      | Killed a manticore
 11518 | D:7      | Killed a two-headed ogre
 11903 | D:7      | Got a fine halberd
 12045 | D:5      | Killed jt's ghost
 12328 | D:10     | Entered Level 10 of the Dungeon
 12408 | D:10     | Reached **** piety under Beogh
 12869 | D:10     | Found a staircase to the Lair.
 13059 | D:10     | Noticed a two-headed ogre
 13071 | D:10     | Killed a two-headed ogre
 13072 | D:10     | Reached skill level 11 in Fighting
 13212 | D:10     | Found a basalt altar of Yredelemnul.
 13276 | D:10     | Reached skill level 10 in Armour
 13748 | Lair:1   | Entered Level 1 of the Lair of Beasts
 13764 | Lair:1   | Reached XP level 12. HP: 54/110 MP: 12/12
 13789 | Lair:1   | Reached ***** piety under Beogh
 14109 | Lair:1   | Got a fine mace
 14214 | Lair:1   | Found a runed translucent gate.
 14214 | Lair:1   | Found a runed translucent gate.
 14216 | Lair:1   | Noticed Vivvybb's ghost (journeyman MiBe)
 14220 | Lair:1   | Found a runed translucent gate.
 14253 | Lair:1   | Killed Vivvybb's ghost
 14274 | Lair:1   | Noticed Grum
 14285 | Lair:1   | Killed Grum
 14671 | Lair:1   | Noticed Sonja
 14682 | Lair:1   | Killed Sonja
 14683 | Lair:1   | Reached skill level 12 in Fighting
 15256 | Lair:2   | Gained Gorm as an ally
 15261 | Lair:2   | Found a gate leading to a gauntlet.
 15287 | Gauntlet | Entered a Gauntlet
 15287 | Gauntlet | Found a transporter.
 15287 | Gauntlet | Found a transporter.
 15339 | Gauntlet | Noticed a catoblepas
 15445 | Gauntlet | Found a transporter.
 15459 | Gauntlet | Found a transporter.
 15460 | Gauntlet | Found a transporter.
 15460 | Gauntlet | Found a transporter.
 15462 | Gauntlet | Found a transporter.
 15462 | Gauntlet | Found a transporter.
 15464 | Gauntlet | Noticed a six-headed hydra
 15464 | Gauntlet | Noticed an entropy weaver
 15478 | Gauntlet | Found a transporter.
 15489 | Gauntlet | Found a transporter.
 15499 | Gauntlet | Found a transporter.
 15517 | Gauntlet | Found a transporter.
 15533 | Gauntlet | Found a transporter.
 15534 | Gauntlet | Found the +3 pair of gauntlets of War {Slay+5}
 15548 | Gauntlet | Found a transporter.
 15799 | Gauntlet | Got a steaming steel ring
 15869 | Gauntlet | Killed a one-headed hydra
 15890 | Gauntlet | Identified the ring "Yxkir" {rElec rPois Stlth-} (You found
                  | it in a Gauntlet)
 15913 | Gauntlet | Identified the +1 plate armour of Privacy {Harm rElec
                  | Int-2}
 15913 | Gauntlet | Identified the ring "Zailafun" {*Slow +Fly rPois Int+4
                  | Dex+3}
 15913 | Gauntlet | Noticed a minotaur
 15939 | Gauntlet | Killed a minotaur
 15962 | Lair:2   | Identified the +10 halberd of Carved Resourcefulness
                  | {venom, Int+4} (You found it on level 7 of the Dungeon)
 15963 | Lair:2   | Identified the +3 mace "Lilooss" {vorpal, rF+ Int+6} (You
                  | found it on level 1 of the Lair of Beasts)
 16181 | Lair:3   | Found a staircase to the Shoals.
 16190 | Lair:3   | Noticed a boulder beetle
 16207 | Lair:3   | Killed a boulder beetle
 16217 | Lair:3   | Found a staircase to the Snake Pit.
 16261 | Lair:3   | Noticed an eight-headed hydra
 16274 | Lair:3   | Killed a ten-headed hydra
 16712 | Lair:3   | Found a runed translucent door.
 16717 | Lair:3   | Noticed a six-headed hydra
 16728 | Lair:3   | Reached XP level 13. HP: 103/119 MP: 13/13
 16827 | Lair:3   | Reached skill level 13 in Fighting
 17544 | Lair:3   | Noticed an ice dragon
 17554 | Lair:3   | Killed an ice dragon
 17732 | Lair:4   | Reached ****** piety under Beogh
 18231 | Lair:4   | Got a brightly glowing falchion
 18387 | Lair:4   | Paralysed by a floating eye for 4 turns
 18397 | Lair:4   | HP: 6/123 [cane toad (14)]
 19003 | Lair:4   | Reached skill level 14 in Fighting
 19267 | Orc:1    | Entered Level 1 of the Orcish Mines
 19272 | Orc:1    | Noticed an orc warlord
 19278 | Orc:1    | Gained Wargath as an ally
 19280 | Orc:1    | Gained Bogbrand as an ally
 19292 | Orc:1    | Identified the +4 falchion "Dinaodgh" {antimagic, *Noise
                  | rF+++ rN+ Dex+3} (You found it on level 4 of the Lair of
                  | Beasts)
 19564 | Orc:1    | Noticed Jorgrun
 19572 | Orc:1    | Killed Jorgrun
 19677 | Orc:1    | Noticed an orc warlord
 19681 | Orc:1    | Noticed an orc warlord
 20295 | Orc:1    | Found a roughly hewn altar of Beogh.
 20608 | Orc:1    | Got a crude fustibalus
 20610 | Orc:1    | Identified the +7 fustibalus of Dosuf {freeze, Will+} (You
                  | found it on level 1 of the Orcish Mines)
 20760 | Orc:2    | Entered Level 2 of the Orcish Mines
 20851 | Orc:2    | Gained Arbolt as an ally
 20961 | Orc:2    | Found a staircase to the Elven Halls.
 20993 | Orc:2    | Noticed an orc warlord
 21000 | Orc:2    | Reached XP level 14. HP: 128/133 MP: 14/14
 21006 | Orc:2    | Your ally Bogbrand died
 21007 | Orc:2    | Killed an orc warlord
 21015 | Orc:2    | Gained Bogwik as an ally
 21024 | Orc:2    | Reached skill level 15 in Fighting
 21375 | Orc:2    | Found Tifihufa's Antique Armour Emporium.
 21376 | Orc:2    | Found Dozul's Antique Weapon Shoppe.
 21377 | Orc:2    | Found Kaugel's General Store.
 21377 | Orc:2    | Found Kaisud's Jewellery Emporium.
 21381 | Orc:2    | Bought a scroll of summoning for 104 gold pieces
 21768 | Orc:2    | Bought a fading cloak for 294 gold pieces
 21788 | Orc:2    | Identified the +1 cloak "Ceru" {Harm} (You bought it in a
                  | shop on level 2 of the Orcish Mines)
 23261 | Lair:4   | Reached skill level 10 in Shields
 24067 | Lair:5   | Found a staircase to the Slime Pits.
 24685 | Lair:6   | Entered Level 6 of the Lair of Beasts
 24839 | Lair:6   | Noticed Nessos
 24847 | Lair:6   | Killed Nessos
 24983 | Lair:6   | Your ally Bogwik died
 24998 | Lair:6   | Gained Ogrik as an ally
 25225 | Lair:6   | Reached skill level 16 in Fighting
 25731 | Lair:6   | Reached XP level 15. HP: 139/144 MP: 15/15
 25754 | Lair:6   | Your ally Ogrik died
 25756 | Lair:6   | Found the macabre finger necklace {rN+}
 25771 | Lair:6   | Gained Wardok as an ally
 26181 | Snake:1  | Entered Level 1 of the Snake Pit
 26496 | Snake:1  | Gained Gorg as an ally
 26497 | Snake:1  | Reached skill level 17 in Fighting
 26498 | Snake:1  | Reached skill level 15 in Armour
 26566 | Snake:1  | Your ally Gorg died
 26760 | Snake:1  | Found an iron altar of Okawaru.
 27155 | Snake:2  | Identified Roxanne's Grimoire of Transmutation
 27155 | Snake:2  | Noticed Roxanne
 27165 | Snake:2  | Killed Roxanne
 27168 | Snake:2  | Noticed a nagaraja
 27176 | Snake:2  | Killed a nagaraja
 27772 | Snake:2  | Reached XP level 16. HP: 151/157 MP: 12/16
 27992 | Snake:3  | Noticed a nagaraja
 28000 | Snake:3  | Killed a nagaraja
 28001 | Snake:3  | Reached skill level 18 in Fighting
 28492 | Snake:3  | Found Imaarrau's General Store.
 28663 | Snake:3  | Noticed a nagaraja
 28671 | Snake:3  | Killed a nagaraja
 29006 | Shoals:1 | Entered Level 1 of the Shoals
 29056 | Shoals:1 | Found a frozen archway.
 29082 | IceCv    | Entered an ice cave
 29303 | IceCv    | Reached skill level 19 in Fighting
 29845 | IceCv    | Got a faintly humming hat
 29855 | IceCv    | Identified the +2 hat of the Thistle {Str+4} (You found it
                  | in an ice cave)
 30299 | Shoals:1 | Got a faintly glowing buckler
 30335 | Shoals:1 | Reached XP level 17. HP: 121/168 MP: 17/17
 30677 | Shoals:1 | Identified the +2 buckler "Pobieh" {Regen+} (You found it
                  | on level 1 of the Shoals)
 31419 | Shoals:2 | Got a crude plate armour
 31456 | Shoals:2 | Identified the cursed +1 plate armour "Qetzor" {rElec rC-
                  | Will+} (You found it on level 2 of the Shoals)
 31769 | Shoals:3 | Reached skill level 15 in Shields
 31772 | Shoals:3 | Found Wuisuw's Armour Emporium.
 31993 | Shoals:3 | Noticed a kraken
 31999 | Shoals:3 | Killed a kraken
 32224 | Shoals:3 | Found Gyweghikh's Weapon Shoppe.
 32232 | Shoals:3 | Found Wives's Armour Emporium.
 32240 | Shoals:3 | Bought a +2 helmet of see invisible for 387 gold pieces
 32240 | Shoals:3 | Bought the +7 chain mail of the Guardian {rN+ Dex+4} for
                  | 1063 gold pieces
 32350 | Shoals:3 | Identified the cursed +1 robe "Rowotuif" {rElec Regen+
                  | Int-5 Stlth+}
 32362 | Shoals:3 | Reached skill level 20 in Fighting
 32388 | Shoals:3 | Found Ofefek's Antique Armour Emporium.
 32402 | Shoals:3 | Got a jewelled chain mail
 32412 | Shoals:3 | Identified the +0 chain mail "Baofaclanwa" {+Blink Will+}
                  | (You found it on level 3 of the Shoals)
 32503 | Shoals:4 | Entered Level 4 of the Shoals
 32551 | Shoals:4 | Got an iridescent arbalest
 33019 | Shoals:4 | Got a buzzing spear
 33187 | Shoals:4 | Gained Boruk as an ally
 33192 | Shoals:4 | Your ally Wargath died
 33194 | Shoals:4 | HP: 6/171 [merfolk javelineer/silver javelin (4)]
 33194 | Shoals:4 | Slain by a merfolk

Illustrated notes

Levels and vault maps discovered:
D:1:      dpeg_arrival_renting, layout_loops_ring
D:2:      layout_loops_cross, grunt_temple_overflow_growth_and_decay,
          chequers_ecumenical_altar_simple_redux, minmay_ruptured, uniq_terence,
          uniq_jessica
D:3:      layout_basic, grunt_temple_overflow_open, serial_aquarium,
          aquarium_bridge_straight [aquarium_subvault_bridge,
          aquarium_subvault_balcony, aquarium_subvault_bridge,
          aquarium_subvault_wall], aquarium_window_1, aquarium_window_3,
          aquarium_window_1, aquarium_view_2d, aquarium_view_2e,
          aquarium_balcony_5b, aquarium_pool_1, led_sif_book
D:4:      layout_layer_cave
D:5:      layout_cave_pods, ebering_ghost_disaster_area,
          minmay_hollow_rounded_squares
D:6:      layout_gridville, minmay_temple_entry_statues_fountains, basic_altar
D:7:      minmay_the_grid_octo_2x2 [minmay_the_grid_octo_toaster,
          minmay_the_grid_octo_tetromino_candy, minmay_the_grid_octo_concentric,
          minmay_the_grid_octo_prize_ultimate_mussel_roller], layout_layer_cave,
          minitemple, corexii_corridor_pit
D:8:      layout_rooms, lemuel_doored_altar, biasface_ghost_orc_armoury,
          minmay_radiant
D:9:      layout_stronghold, lemuel_round_altar,
          kennysheep_orc_monster_closet_entryway, serial_shops, shop,
          dk_noncrumbling_4, uniq_harold
D:10:     layout_irregular_city, david_lair_shrubbed,
          lemuel_mausoleum_altar_yredelemnul
Lair:1:   layout_chaotic_city, ebering_ghost_rock_garden, uniq_grum, uniq_sonja
Lair:2:   layout_cave_pods, gauntlet_entry_generic, serial_bayou_shore_a,
          grunt_megastairs_1, serial_bayou_shore_b
Lair:3:   dragon1_lemuel, layout_chaotic_city, shoals_dummy_entry,
          guppyfry_snake_entry_island, pf_torpor_hydra,
          infiniplex_staircase_pool
Lair:4:   layout_cave_pods, disabler_island
Lair:5:   pond_and_an_island_with_a_cottage, layout_cave_pods,
          minmay_slime_entry_pillars
Lair:6:   due_jungle_book, layout_gridlike, special_room [special_room_bee],
          grunt_megastairs_4, uniq_nessos
Shoals:1: layout_shoals, portal_ice_cave_entry_pillars_four
Shoals:2: layout_shoals
Shoals:3: nzn_motion_control, layout_shoals, serial_shops, shop_fountains, shop,
          shop, nicolae_shop_statue_plus
Shoals:4: shoals_end_grunt_ice, layout_shoals
Snake:1:  layout_basic, basic_altar, grunt_ministairs_1
Snake:2:  layout_basic, st_stairs_5, uniq_roxanne
Snake:3:  layout_onion_interference, serial_shops, nicolae_shop_behind_doors,
          grunt_ministairs_8, library_closet, serial_bayou_pond_a
Orc:1:    layout_caves, basic_altar, minmay_orc_treasury, uniq_jorgrun
Orc:2:    st_orc_congregation, layout_diamond_mine

Skill      XL: |  1  2  3  4  5  6  7  8  9 10 11 12 13 14 15 16 17 |
---------------+----------------------------------------------------+-----
Axes           | 3 4 5 6 8 10 13 15 16 17 18 | 18.0
Fighting       | 4 5 6 8 10 11 12 14 16 17 19 20 | 20.4
Armour         | 4 5 6 7 8 10 11 13 14 15 16 | 16.7
Shields        | 4 5 6 9 11 12 14 15 | 15.8

Action                   |  1- 3 |  4- 6 |  7- 9 | 10-12 | 13-15 | 16-18 || total
-------------------------+-------+-------+-------+-------+-------+-------++-------
Melee: War axe           |   124 |   164 |   342 |   734 |   168 |       ||  1532
       Hand axe          |       |       |       |    15 |     7 |       ||    22
       Broad axe         |       |       |       |       |   407 |   466 ||   873
Invok: Convert to Beogh  |       |       |     1 |       |       |       ||     1
       Give Item to Name |       |       |       |     1 |     2 |       ||     3
       Recall Orcish Fol |       |       |       |       |     5 |     5 ||    10
Evoke: Wand              |       |       |       |       |     2 |       ||     2
  Use: Scroll            |       |    17 |    10 |     9 |    14 |     9 ||    59
       Potion            |       |       |     1 |     9 |     1 |       ||    11
 Stab: Distracted        |       |       |       |     3 |     5 |     5 ||    13
       Confused          |       |       |       |     1 |       |       ||     1
       Petrified         |       |       |       |       |     5 |       ||     5
       Paralysed         |       |       |       |       |       |     1 ||     1
Armor: Scale mail        |    64 |    36 |       |       |       |       ||   100
       Chain mail        |       |    56 |   185 |   342 |   238 |   263 ||  1084
Dodge: Dodged            |    36 |    37 |    67 |   145 |   114 |   120 ||   519
Block: Kite shield       |    59 |    79 |   206 |   335 |   322 |   372 ||  1373
